 Dungeon Crawl Stone Soup version 0.29-a0-1065-g47a6bb87d6 (webtiles) character file.

Game seed: 15940702422837406694

25465 testman the Timeless (level 13, -6/98 HPs)
             Began as a Merfolk Ice Elementalist on Aug 17, 2022.
             Was a High Priest of Cheibriados.
             Mangled by a red ugly thing (32 damage)
             ... on level 14 of the Dungeon on Aug 18, 2022.
             The game lasted 01:35:08 (19009 turns).

testman the Timeless (Merfolk Ice Elementalist)    Turns: 19009, Time: 01:35:10

Health: -6/98      AC: 13    Str: 20    XL:     13   Next: 19%
Magic:  13/25      EV: 13    Int: 30    God:    Cheibriados [*****.]
Gold:   581        SH:  5    Dex: 25    Spells: 17/28 levels left

rFire   x . .      SeeInvis .   Z - +2 glaive (venom)
rCold   + . .      Faith    .   (shield currently unavailable)
rNeg    + . .      Spirit   .   S - +2 leather armour {rN+}
rPois   .          Reflect  +   y - +0 hat
rElec   .          Harm     +   p - scarf {harm}
rCorr   .          Rampage  .   X - +1 pair of gloves
Will    .....                   Y - +1 pair of boots
Stlth   +++.......              i - amulet of reflection
HPRegen 0.26/turn               a - +4 ring of protection
MPRegen 0.19/turn               s - ring of ice

@: freezing walls, very slow
A: (nimble swimmer 2), mertail
a: Renounce Religion, Bend Time, Temporal Distortion, Slouch, Step From Time


You were on level 14 of the Dungeon.
You worshipped Cheibriados.
Cheibriados was extremely pleased with you.
You visited 2 branches of the dungeon, and saw 15 of its levels.
You also visited: Sewer and Ossuary.

You collected 1025 gold pieces.
You spent 444 gold pieces at shops.

Inventory:

Hand Weapons
 Z - a +2 glaive of venom (weapon)
Missiles
 j - 5 atropa-tipped darts
 k - 4 boomerangs
 J - 17 poisoned darts
 N - 5 throwing nets
 T - 5 javelins
 U - 5 curare-tipped darts
Armour
 p - a scarf of harm (worn)
 y - a +0 hat (worn)
 A - the +1 robe of the Distant Future {*Slow rF- rC+++ Will+++}
   (You found it on level 13 of the Dungeon)

   rF:        It makes you vulnerable to fire.
   rC:        It renders you almost immune to cold.
   *Slow:     It may slow you when you take damage.
   Will:      It greatly increases your willpower.
 S - a +2 leather armour of positive energy (worn)
 X - a +1 pair of gloves (worn)
 Y - a +1 pair of boots (worn)
Jewellery
 a - a +4 ring of protection (left hand)
 i - an amulet of reflection (around neck)
 o - a ring of protection from fire
 s - a ring of ice (right hand)
Wands
 z - a wand of roots (21)
 B - a wand of flame (15)
 K - a wand of paralysis (1)
 M - a wand of mindburst (6)
Scrolls
 e - 3 scrolls of vulnerability
 h - 8 scrolls of teleportation
 l - a scroll of silence {unknown}
 n - 3 scrolls of enchant armour
 v - 3 scrolls of fog
 w - a scroll of amnesia
 F - a scroll of magic mapping
 I - 2 scrolls of poison
 P - a scroll of fear {unknown}
 Q - a scroll of brand weapon {unknown}
Potions
 b - 2 potions of magic
 c - a potion of resistance {unknown}
 d - 4 potions of ambrosia
 f - a potion of heal wounds
 g - 3 potions of brilliance
 m - 3 potions of berserk rage
 q - 5 potions of attraction
 r - 3 potions of might
 t - 6 potions of mutation
 u - 8 potions of curing
 x - 4 potions of flight {unknown}
 G - 2 potions of lignification {unknown}
 H - 2 potions of cancellation {unknown}
 L - a potion of invisibility {unknown}
Miscellaneous
 O - a condenser vane


   Skills:
 - Level 8.2 Fighting
 + Level 8.2 Polearms
 - Level 2.6 Dodging
 - Level 3.1 Stealth
 - Level 8.1 Spellcasting
 - Level 9.0 Conjurations
 - Level 10.0 Ice Magic
 - Level 12.7 Invocations


You had 17 spell levels left.
You knew the following spells:

 Your Spells              Type           Power      Damage    Failure   Level
a - Freeze                Ice            100%       1d11      1%          1
b - Frozen Ramparts       Ice            100%       1d16      1%          3
c - Ozocubu's Armour      Ice            83%        N/A       1%          3
d - Hailstorm             Conj/Ice       81%        3d16      1%          4

Your spell library contained the following spells:

 Spells                   Type           Power      Damage    Failure   Level
 Dazzling Flash           Conj/Hex       78%        N/A       2%          3
 Iskenderun's Battlesphe  Conj           60%        2d11      3%          5
 Apportation              Tloc           24%        N/A       4%          1
 Necrotise                Necr           48%        1d6       4%          1
 Summon Small Mammal      Summ           48%        N/A       4%          1
 Ice Form                 Ice/Tmut       59%        N/A       6%          4
 Iskenderun's Mystic Bla  Conj/Tloc      39%        2d9       8%          4
 Confusing Touch          Hex            12%        N/A       16%         3
 Leda's Liquefaction      Hex/Erth       6%         N/A       45%         4
 Simulacrum               Ice/Necr       29%        N/A       69%         6
 Iron Shot                Conj/Erth      19%        9d4       77%         6
 Starburst                Conj/Fire      19%        6d7       77%         6
 Lee's Rapid Deconstruct  Erth           6%         3d7*      80%         5
 Yara's Violent Unravell  Hex/Tmut       6%         3d5       80%         5
 Statue Form              Tmut/Erth      8%         N/A       100%        6
 Enfeeble                 Hex            6%         N/A       100%        7
 Malign Gateway           Summ/Tloc      6%         N/A       100%        7
 Spellforged Servitor     Conj/Summ      19%        N/A       100%        7
 Borgnjor's Revivificati  Necr           6%         N/A       100%        8
 Necromutation            Tmut/Necr      6%         N/A       100%        8
 Summon Horrible Things   Summ           6%         N/A       100%        8
 Death's Door             Necr           6%         N/A       100%        9


Dungeon Overview and Level Annotations

Branches:
Dungeon (14/15)            Temple (1/1) D:7            Lair (0/5) D:10
    Orc (0/2) D:10          Sewer (visited)         Ossuary (visited)
 Vaults: D:13-14

Altars:
Ashenzari
Cheibriados
Dithmenos
Elyvilon
Fedhas
Gozag
Hepliaklqana
Kikubaaqudgha
Makhleb
Okawaru
Qazlal
Ru
Sif Muna
Trog
Uskayaw
Vehumet
Wu Jian
Xom
Yredelemnul
Zin
The Shining One

Shops:
D:2 (   D:11 [![[(   D:13 (


Innate Abilities, Weirdness & Mutations

((You are very nimble when in or above water. (Stealth+, EV+, Speed+++)))
Your lower body shifts to a powerful aquatic tail in water.


Message History

The six-headed hydra is heavily wounded.
Casting: Hailstorm (mildly dangerous; 1% risk of failure)
Confirm with . or Enter, or press ? or * to list all spells.
Casting: Hailstorm (mildly dangerous; 1% risk of failure)
Press: ? - help, Dir - look around, f - activate You feel a surge of power!
A cannonade of hail descends around you!
The hail pelts the six-headed hydra!!
You kill the six-headed hydra!
Cheibriados appreciates the change of pace.
Your Polearms skill increases to level 8!
You reach to attack!
You barely miss the red ugly thing.
The wall freezes the red ugly thing.
The wall freezes the red ugly thing but does no damage.
The red ugly thing claws you but does no damage.
An orc comes into view. It is wielding a +0 club.
The orc shouts!
You slice the red ugly thing!!
The red ugly thing looks as sick as possible!
The red ugly thing is moderately wounded.
The wall freezes the red ugly thing!
The red ugly thing claws you but does no damage.
You hit the red ugly thing.
The red ugly thing looks as sick as possible!
The red ugly thing is severely wounded.
The wall freezes the red ugly thing!
The red ugly thing claws you!
You are engulfed in flames!!
The fire burns you terribly!
* * * LOW HITPOINT WARNING * * *
You barely miss the red ugly thing.
The red ugly thing is almost dead.
The wall freezes the red ugly thing.
The wall freezes the red ugly thing!
The wall freezes the red ugly thing.
The red ugly thing claws you but does no damage.
You feel much better.
You kill the red ugly thing!
Cheibriados appreciates the change of pace.
The wall freezes the red ugly thing!
The red ugly thing engulfs you!
* * * LOW HITPOINT WARNING * * *
You are engulfed in flames!!
The fire burns you terribly!
You die...

****,,,*#...##..$......**,,,,,,*
*,,,,...#..............#***,,,**
,,,,,>.....O<...........* *,,,,**
,,,*,...................***,,,,*∩
**,*,.......###..u......,,,,,,,**
*,,,,.......,#..........,,,,,,,*,
,,,,,.......,#..##.....,***,,,,**
,,,,,........#.##u.#...****,,,,*,
,,,,,..........)@..#*..,,,*,,*,**
**,,,..........##.##**.,,,,,,*,*,
*,,,,,,........#*.#***,,,,,,,,***
*,**,,,......##.,..*,*,,,,,,,,**,
*,*,,,,....##,*.,.##,,,,,,,,,,,**
,,,,,,,....*,,,.,..,,,,,,,,,,,,*,
,,,,,,*...,,,,,....,,,,,,,,,,,,**
,,,,,***,,,,,,,,,..,,,,,,,,,,,,**
,,,,** *,,,,,,*,,,,>,,,,,,,,,,**


You could see a red ugly thing.

Vanquished Creatures
  Harold (D:9)
  A boulder beetle (D:12)
  A hydra (D:14)
  Erica (D:11)
  4 two-headed ogres
  A centaur warrior (D:10)
  Urug (D:11)
  Nergalle (D:12)
  4 skeletal warriors (D:12)
  A flayed ghost (D:10)
  Pikel (D:9)
  2 manticores
  4 ugly things (D:14)
  A cyclops (D:12)
  A gargoyle (D:10)
  Psyche (D:11)
  A komodo dragon (D:11)
  5 trolls
  A queen bee (D:12)
  The ghost of testman the Trooper, an amateur DsGl of Gozag (D:4)
  3 meliai (D:12)
  A hornet (D:8)
  A jumping spider (shapeshifter) (D:13)
  13 yaks
  A shadow (D:12)
  10 wraiths
  Eustachio (D:4)
  8 vampire mosquitoes
  2 acid dragons
  2 water moccasins (D:7)
  2 hornet zombies (Ossuary)
  4 orc warriors
  A black bear (D:5)
  2 ice beasts
  11 centaurs
  An ogre (D:6)
  2 phantoms
  2 kobold brigands
  A gnoll sergeant (D:9)
  2 necrophages
  2 scorpions
  A water moccasin zombie (Ossuary)
  5 wights (D:8)
  19 killer bees
  4 howler monkeys
  2 electric eels (D:9)
  3 centaur zombies (Ossuary)
  12 bullfrog zombies (Ossuary)
  A hound (D:7)
  2 jellies
  6 orc priests
  Terence (D:2)
  2 iguanas
  9 mummies (Ossuary)
  7 orc wizards
  A killer bee zombie (Ossuary)
  3 howler monkey zombies (Ossuary)
  17 gnolls
  16 adders
  4 river rats (Sewer)
  A white imp (D:7)
  2 dart slugs
  33 orcs
  18 ball pythons
  15 bats
  8 endoplasms
  4 giant cockroaches
  10 goblins
  6 hobgoblins
  2 jackals (D:1)
  2 quokkas (D:4)
  10 frilled lizards
  21 kobolds
  12 rats
365 creatures vanquished.

Vanquished Creatures (others)
  2 plants (D:3)
  4 withered plants (Ossuary)
6 creatures vanquished.

Grand Total: 371 creatures vanquished

Notes
Turn   | Place    | Note
-------+----------+-------------------------------------------
     0 | D:1      | testman the Merfolk Ice Elementalist began the quest for
                  | the Orb.
     0 | D:1      | Reached XP level 1. HP: 13/13 MP: 3/3
   189 | D:1      | Reached XP level 2. HP: 16/19 MP: 5/5
   676 | D:1      | Reached XP level 3. HP: 24/24 MP: 4/6
   828 | D:1      | Reached skill level 5 in Ice Magic
  1616 | D:2      | Identified the +8 dagger "Erab" {spect, *Noise Str+8}
  1622 | D:2      | Upgraded the game from 0.29-a0-1052-g6990b1bffc to
                  | 0.29-a0-1065-g47a6bb87d6
  1797 | D:2      | Noticed Terence
  1800 | D:2      | Found Luecw's Weapon Shoppe.
  1808 | D:2      | Killed Terence
  1809 | D:2      | Reached XP level 4. HP: 13/30 MP: 3/8
  2683 | D:3      | Found a faded altar of an unknown god.
  2980 | D:3      | Reached XP level 5. HP: 35/35 MP: 10/10
  3101 | D:3      | Learned a level 3 spell: Frozen Ramparts
  3105 | D:3      | Learned a level 3 spell: Ozocubu's Armour
  3110 | D:3      | Learned a level 4 spell: Hailstorm
  3641 | D:4      | Found a runed translucent door.
  3646 | D:4      | Noticed testman's ghost (amateur DsGl)
  3669 | D:4      | Found a glowing drain.
  3674 | D:4      | Reached skill level 1 in Conjurations
  3680 | Sewer    | Entered a sewer
  3693 | Sewer    | Reached XP level 6. HP: 40/41 MP: 12/12
  4883 | D:4      | Found a white marble altar of Elyvilon.
  4885 | D:4      | Found a bloodstained altar of Trog.
  4927 | D:4      | Became a worshipper of Elyvilon the Healer
  4977 | D:4      | Noticed Eustachio
  4980 | D:4      | Killed Eustachio
  4981 | D:4      | Reached skill level 2 in Invocations
  4981 | D:4      | Reached XP level 7. HP: 37/46 MP: 5/13
  5069 | D:4      | Killed testman's ghost
  5070 | D:4      | Reached skill level 3 in Invocations
  5187 | D:5      | Entered Level 5 of the Dungeon
  5201 | D:5      | Reached XP level 8. HP: 26/52 MP: 9/14
  5204 | D:5      | Reached skill level 4 in Invocations
  5431 | D:5      | Identified the +8 dagger of Havoc {vorpal, rCorr}
  5665 | D:5      | Reached skill level 5 in Conjurations
  5902 | D:5      | Reached skill level 5 in Invocations
  6196 | D:6      | Reached * piety under Elyvilon
  6532 | D:6      | Reached skill level 6 in Invocations
  6787 | D:6      | Reached XP level 9. HP: 57/57 MP: 8/15
  6864 | D:6      | Identified the +9 dagger of Disarray {freeze, Fly}
  7128 | D:7      | Reached skill level 7 in Invocations
  7129 | D:7      | Found a sand-covered staircase.
  7133 | Ossuary  | Entered an ossuary
  7404 | Ossuary  | Reached skill level 8 in Invocations
  8039 | D:7      | Reached skill level 9 in Invocations
  8039 | D:7      | Reached XP level 10. HP: 27/63 MP: 1/16
  8408 | D:7      | Reached ** piety under Elyvilon
  8842 | D:7      | Found a staircase to the Ecumenical Temple.
  8857 | Temple   | Entered the Ecumenical Temple
  9003 | Temple   | Fell from the grace of Elyvilon
  9003 | Temple   | Became a worshipper of Cheibriados the Contemplative
  9526 | D:8      | Identified the +5 flail "Wosiuli" {antimagic, rF++ rN+
                  | Will-}
  9556 | D:8      | Reached * piety under Cheibriados
  9845 | D:8      | Reached skill level 10 in Invocations
 10028 | D:8      | Paralysed by a hornet for 2 turns
 10033 | D:8      | Paralysed by a hornet for 1 turns
 10034 | D:8      | Reached skill level 1 in Fighting
 10381 | D:9      | Noticed Pikel
 10392 | D:9      | Killed Pikel
 10867 | D:9      | Found an ornate altar of the Wu Jian Council.
 10920 | D:9      | Found a broken altar of Ashenzari.
 11423 | D:9      | Noticed Harold
 11432 | D:9      | Killed Harold
 11433 | D:9      | Reached skill level 5 in Spellcasting
 11433 | D:9      | Reached XP level 11. HP: 60/75 MP: 1/18
 11574 | D:10     | Entered Level 10 of the Dungeon
 11577 | D:10     | Found a staircase to the Orcish Mines.
 11674 | D:10     | Found a staircase to the Lair.
 11802 | D:10     | Found a runed translucent door.
 11805 | D:10     | Noticed a centaur warrior
 11808 | D:10     | Killed a centaur warrior
 11808 | D:10     | Reached ** piety under Cheibriados
 11877 | D:10     | Noticed a flayed ghost
 11884 | D:10     | Killed a flayed ghost
 11890 | D:10     | Identified the +10 morningstar of the Final Decision
                  | {antimagic, Will+}
 12060 | D:10     | Found a bloodstained altar of Trog.
 12085 | D:10     | Found a white marble altar of Elyvilon.
 12308 | D:10     | Found a hide-covered altar of Uskayaw.
 12446 | D:10     | Found a hazy altar of Hepliaklqana.
 12454 | D:10     | Found an ancient bone altar of Kikubaaqudgha.
 12538 | D:10     | Found a glowing golden altar of the Shining One.
 12555 | D:10     | Reached skill level 11 in Invocations
 12890 | D:10     | Reached *** piety under Cheibriados
 12891 | D:10     | Reached skill level 5 in Fighting
 13212 | D:11     | Noticed Urug
 13221 | D:11     | Killed Urug
 13633 | D:11     | Identified the +10 quarterstaff of Ufuebb {vorpal, Will+
                  | Str+7 SInv}
 13807 | D:11     | Found Zotsoed's Antique Armour Shop.
 13820 | D:11     | Noticed Psyche
 13820 | D:11     | Noticed Erica
 13842 | D:11     | Killed Erica
 13842 | D:11     | Killed Psyche
 13843 | D:11     | Reached XP level 12. HP: 81/88 MP: 7/22
 13938 | D:11     | Found Titwar's Distillery.
 13941 | D:11     | Bought a potion of heal wounds for 70 gold pieces
 13995 | D:11     | Found Pasis's Antique Armour Emporium.
 14073 | D:11     | Found Fiusock's Antique Armour Shoppe.
 14084 | D:11     | Bought a pair of embroidered gloves for 187 gold pieces
 14084 | D:11     | Bought a pair of embroidered boots for 187 gold pieces
 14121 | D:11     | Found Erhoguit's Weapon Shoppe.
 14854 | D:12     | Noticed a two-headed ogre
 14860 | D:12     | Killed a two-headed ogre
 14908 | D:12     | Reached **** piety under Cheibriados
 15039 | D:12     | Noticed Nergalle
 15081 | D:12     | Noticed a boulder beetle
 15089 | D:12     | Killed Nergalle
 15090 | D:12     | Reached skill level 12 in Invocations
 15105 | D:12     | Killed a boulder beetle
 15292 | D:12     | Noticed a two-headed ogre
 15302 | D:12     | Killed a two-headed ogre
 16390 | D:12     | Reached ***** piety under Cheibriados
 16943 | D:12     | Reached skill level 10 in Ice Magic
 17555 | D:13     | Noticed a two-headed ogre
 17559 | D:13     | Killed a two-headed ogre
 17823 | D:13     | Found Wahuw's Weapon Shop.
 18140 | D:13     | Identified the +1 robe of the Distant Future {*Slow rF-
                  | rC+++ Will+++}
 18154 | D:13     | Reached skill level 5 in Polearms
 18154 | D:13     | Reached XP level 13. HP: 87/98 MP: 11/25
 19009 | D:14     | Mangled by a red ugly thing

Illustrated notes

Levels and vault maps discovered:
D:1:      matt_arrival_diagonals, layout_basic
D:2:      layout_basic, serial_shops, shop, minmay_close_crescents, uniq_terence
D:3:      layout_basic, ebering_ecumenical_altar_sacrificial, dk_noncrumbling_2,
          minmay_shallow_snake_nest
D:4:      layout_basic, jmf_multi_god_temple, portal_sewer_entry_d,
          ebering_ghost_sewer_d, chequers_serial_rivers_marsh, uniq_eustachio
D:5:      layout_basic, kennysheep_generic_room_16
D:6:      layout_loops_ring
D:7:      layout_basic, minmay_temple_entry_nine_rooms, enter_ossuary_5,
          centaur_isle
D:8:      layout_cave_pools
D:9:      layout_roguey, nicolae_overflow_squiral, uniq_pikel, uniq_harold
D:10:     due_megacathedral, layout_cave_pods, general_overflow_altar
D:11:     layout_basic, serial_shops, nicolae_shop_hallway_stairs,
          nicolae_shop_advertising_works [nicolae_subvault_shop_adworks],
          nicolae_shop_window_shopping, nicolae_square_shop, shop,
          interstate_on_off, grunt_ministairs_15, uniq_psyche, uniq_erica,
          uniq_urug
D:12:     layout_gridville, minivault_7, uniq_nergalle
D:13:     layout_layer_cave, serial_shops, nicolae_shop_bloodbath_and_beyond
D:14:     layout_cave_pools, david_vaults_5,
          portal_ice_cave_entry_pillars_three, nicolae_qazlal_eye_of_the_storm,
          nicolae_concentric_dashed_squares_wild, uniq_jorgrun
Temple:   nicolae_temple_bog_church

Skill      XL: |  1  2  3  4  5  6  7  8  9 10 11 12 13 |
---------------+----------------------------------------+-----
Ice Magic      | 5 6 8 10 | 10.0
Spellcasting   | 3 4 5 6 8 |  8.1
Conjurations   | 1 3 4 6 7 8 9 |  9.0
Invocations    | 2 3 6 9 10 11 12 | 12.7
Stealth        | 3 |  3.1
Fighting       | 3 6 8 |  8.2
Polearms       | 5 8 |  8.2
Dodging        | |  2.6

Action                   |  1- 3 |  4- 6 |  7- 9 | 10-12 | 13-15 || total
-------------------------+-------+-------+-------+-------+-------++-------
Melee: Dagger            |    44 |    84 |   209 |   156 |       ||   493
       Punch             |     3 |       |     1 |     3 |       ||     7
       Tailslap          |       |     2 |       |       |       ||     2
       Quarterstaff      |       |       |       |    69 |       ||    69
       Glaive            |       |       |       |    10 |    22 ||    32
Throw: Dart              |       |     1 |       |     5 |       ||     6
 Cast: Freeze            |    38 |    21 |     8 |    32 |     5 ||   104
       Frozen Ramparts   |       |    15 |    19 |    72 |     4 ||   110
       Ozocubu's Armour  |       |     3 |    11 |    48 |     2 ||    64
       Hailstorm         |       |       |     1 |    37 |     3 ||    41
Invok: Temporal Distorti |       |       |       |     1 |       ||     1
  Use: Scroll            |       |     8 |     7 |     2 |     2 ||    19
       Potion            |       |       |     2 |     5 |     1 ||     8
 Stab: Sleeping          |     5 |     9 |     3 |     5 |       ||    22
       Invisible         |       |     1 |       |       |       ||     1
       Distracted        |       |       |     1 |       |       ||     1
Armor: Robe              |    15 |     6 |       |       |       ||    21
       Leather armour    |       |       |    84 |    98 |    11 ||   193
Dodge: Dodged            |    32 |    53 |   167 |   168 |    18 ||   438
Block: Other             |       |       |       |    38 |     3 ||    41
       Reflection        |       |       |       |     2 |       ||     2

Table legend: (Time is in decaauts)
 A = Elapsed time spent in this place.
 B = Non-inter-level travel time spent in this place.
 C = Inter-level travel time spent in this place.
 D = Time resting spent in this place.
 E = Time spent auto-exploring this place.
 F = Levels seen in this place.
 G = Mean time per level.
                   A        B        C        D        E       F      G
               +--------+--------+--------+--------+--------+-----+--------+
         Total |  21600 |  20920 |    680 |   2045 |  15887 |  17 | 1270.6 |
       Dungeon |  20240 |  19567 |    673 |   1822 |  15194 |  14 | 1445.7 |
        Temple |    127 |    120 |      7 |      0 |     97 |   1 |  127.0 |
         Sewer |    500 |    500 |      0 |      0 |    358 |   1 |  500.0 |
       Ossuary |    732 |    732 |      0 |    223 |    237 |   1 |  732.0 |
               +--------+--------+--------+--------+--------+-----+--------+

Top non-repeatable levels by time:
    D:12: 3643 daAuts
    D:13: 2338 daAuts
    D:10: 1905 daAuts
    D:11: 1795 daAuts
     D:2: 1455 daAuts
     D:9: 1454 daAuts
     D:8: 1315 daAuts
     D:7: 1268 daAuts
     D:1: 1182 daAuts
     D:4: 1083 daAuts
     D:5: 1003 daAuts
     D:3: 909 daAuts
     D:6: 825 daAuts
 Ossuary: 732 daAuts
   Sewer: 500 daAuts
